 Dungeon Crawl Stone Soup version 0.31.0-12-g77e489cdc1 (webtiles) character file.

Game seed: 16882559820153233235

15 Silvore the Trooper (level 2, -2/24 HPs)
             Began as a Demonspawn Fighter on Feb 11, 2024.
             Slain by an iguana (3 damage)
             ... on level 1 of the Dungeon.
             The game lasted 00:00:44 (1116 turns).

Silvore the Trooper (Demonspawn Fighter)            Turns: 1116, Time: 00:00:45

Health: -2/24      AC:  6    Str: 16    XL:     2   Next: 34%
Magic:  2/2        EV:  8    Int:  8    God:
Gold:   47         SH:  4    Dex: 12    Spells: 1/1 levels left

rFire   . . .        a - +0 long sword
rCold   . . .        c - +0 buckler
rNeg    . . .        b - +0 scale mail
rPois   .            (no helmet)
rElec   .            (no cloak)
rCorr   .            (no gloves)
SInv    .            (no boots)
Will    .....        (no amulet) Stlth
                     e - ring of flight
HPRegen 0.24/turn    (no ring)
MPRegen 0.08/turn

%: no passive effects
@: flying
A: claws 1
a: no special abilities


You were on level 1 of the Dungeon.
You visited 1 branch of the dungeon, and saw 2 of its levels.

You collected 47 gold pieces.

Inventory:

Hand Weapons
 a - a +0 long sword (weapon)
Armour
 b - a +0 scale mail (worn)
 c - a +0 buckler (worn)
Jewellery
 e - a ring of flight (left claw)
Potions
 d - 2 potions of might
 f - a potion of brilliance {unknown}


   Skills:
 + Level 3.2 Fighting
 + Level 2.1 Long Blades
 + Level 2.8 Armour
 + Level 2.9 Shields


You had one spell level left.
You didn't know any spells.
Your spell library contained the following spells:

 Spells                   Type           Power      Damage    Failure   Level
 Call Canine Familiar     Summ           0%         N/A       99%         3
 Hailstorm                Conj/Ice       0%         3d5       99%         3
 Sigil of Binding         Hex            0%         N/A       99%         3
 Summon Ice Beast         Ice/Summ       0%         N/A       99%         3
 Dimensional Bullseye     Hex/Tloc       0%         N/A       100%        4
 Sculpt Simulacrum        Ice/Alch       0%         N/A       100%        6


Dungeon Overview and Level Annotations

Branches:
Dungeon (2/15)

Altars:


Innate Abilities, Weirdness & Mutations

You have sharp fingernails.


Message History

The kobold hits you but does no damage. You block the kobold's attack.
You closely miss the kobold.
The kobold is moderately wounded.
The kobold hits you but does no damage.
You hit the kobold.
The kobold is severely wounded.
You block the kobold's attack.
You barely miss the kobold.
The kobold is severely wounded.
You block the kobold's attack. The kobold hits you but does no damage.
You hit the kobold.
You kill the kobold!
Things that are here:
a +0 dagger; a kobold corpse
There is a stone staircase leading down here.
You fly downwards.
The iguana closely misses you.
There is a stone staircase leading up here.
The ribbon worm expels a string of sticky webbing.
The stream of webbing misses you.
You fly upwards.
There is a stone staircase leading down here.
You hit the iguana.
The iguana is moderately wounded.
You block the iguana's attack.
The ribbon worm bites you but does no damage.
The iguana bites you!
Ouch! That really hurt!
You hit the iguana.
The iguana is heavily wounded.
The ribbon worm bites you. The iguana bites you.
* * * LOW HITPOINT WARNING * * *
You hit the iguana.
The iguana is almost dead.
The ribbon worm barely misses you. The iguana bites you.
* * * LOW HITPOINT WARNING * * *
You hit the iguana.
The iguana is almost dead.
The iguana misses you. You block the ribbon worm's attack.
The iguana bites you.
You die...

∩###........## #.##.# #.##.#
## #.........# #.##.# #.##.#
# #########.###.##.# #.##.#
## #.......##.##.# #.##.# ∩#
#.............# #.##.# ##
#.....#.....### #.##.# #
#.....####.## #.##.# #
#.....# #l#######.##.# ##
#.....# #@w........#.#
∩##########################.#
##..........................#
........##########..#########
##.####.#........#..#
#.#....).######.#..#
#....#.########.#..#
#######.............#
.....###########.##.#


You could see a ribbon worm and an iguana.

Vanquished Creatures
  A ball python (D:1)
  An endoplasm (D:1)
  2 giant cockroaches (D:1)
  A goblin (D:1)
  3 kobolds (D:1)
  5 frilled lizards (D:1)
  2 rats (D:1)
15 creatures vanquished.

Notes
Turn   | Place    | Note
-------+----------+-------------------------------------------
     0 | D:1      | Silvore the Demonspawn Fighter began the quest for the Orb.
     0 | D:1      | Reached XP level 1. HP: 18/18 MP: 1/1
   379 | D:1      | Discovered your monstrous ancestry.
   379 | D:1      | Gained mutation: You have sharp fingernails. [demonic
                  | ancestry]
   379 | D:1      | Reached XP level 2. HP: 24/24 MP: 2/2
  1115 | D:1      | HP: 1/24 [iguana (1)]
  1116 | D:1      | Slain by an iguana

Illustrated notes

Levels and vault maps discovered:
D:1:      amcnicky_arrival_abandoned_market, layout_basic, minmay_lizard_king
D:2:      layout_rooms

Skill      XL: |  1 |
---------------+----+-----
Long Blades    | 2 |  2.1
Fighting       | |  3.2
Armour         | |  2.8
Shields        | |  2.9

Action                     || total
---------------------------++-------
  Melee: Long sword        ||    53
 Armour: Scale mail        ||    35
  Dodge: Dodged            ||    23
  Block: Buckler           ||    17
